 Dungeon Crawl Stone Soup version 0.17-a0-1164-g0ba867e (webtiles) character file.

17 KlotserJr the Grasshopper (level 2, -1/14 HPs)
             Began as a Spriggan Warper on May 28, 2015.
             Was an Initiate of Nemelex Xobeh.
             Slain by a worm (11 damage)
             ... on level 1 of the Dungeon.
             The game lasted 00:05:19 (1061 turns).

KlotserJr the Grasshopper (Spriggan Warper)         Turns: 1061, Time: 00:05:19

Health: -1/14      AC:  2    Str:  6    XL:     2   Next: 44%
Magic:  6/6        EV: 19    Int: 14    God:    Nemelex Xobeh [......]
Gold:   26         SH:  0    Dex: 16    Spells: 1 memorised, 5 levels left

rFire  . . .     SeeInvis +     a - +0 short sword
rCold  . . .     Clarity  .     b - +0 robe
rNeg   . . .     SustAt   .     (shield restricted)
rPois  .         Gourm    .     (helmet restricted)
rElec  .         Spirit   .     (no cloak)
rCorr  .         Warding  .     (gloves unavailable)
rMut   .         Stasis   .     (boots unavailable)
MR     .....                    (no amulet)
Stlth  ++........               (no ring)
                                (no ring)

@: very quick, not resistant to hostile enchantments, unstealthy
A: unfitting armour, see invisible, herbivore 3, speed 3, slow metabolism 2
a: Renounce Religion


You were on level 1 of the Dungeon.
You worshipped Nemelex Xobeh.
Nemelex Xobeh was noncommittal.
You were not hungry.

You visited 1 branch of the dungeon, and saw 1 of its levels.

You collected 26 gold pieces.

Inventory:

Hand weapons
 a - a +0 short sword (weapon)
 j - a +0 dagger
 k - a +0 dagger
Missiles
 e - 5 tomahawks of dispersal (quivered)
Armour
 b - a +0 robe (worn)
 h - a +0 robe
Scrolls
 d - a scroll of blinking
Potions
 g - a potion of flight {unknown}
 i - a potion of agility {unknown}
Books
 c - a book of Spatial Translocations

   Spells                             Type                      Level
   a - Apportation                    Translocation                1
   b - Blink                          Translocation                2
   c - Shroud of Golubria             Charms/Translocation         2
   d - Portal Projectile              Translocation                3
   e - Teleport Other                 Translocation                3
   f - Passage of Golubria            Translocation                4
Comestibles
 f - a bread ration


   Skills:
 - Level 1.5 Fighting
 + Level 2.6 Short Blades
 - Level 1.1 Throwing
 + Level 3.7 Dodging
 + Level 1.6 Stealth
 - Level 2.6 Spellcasting
 + Level 4.8 Translocations


You had 5 spell levels left.
You knew the following spells:

 Your Spells              Type           Power        Failure   Level  Hunger
a - Apportation           Tloc           ###.......   3%          1    #......


Dungeon Overview and Level Annotations

Branches:
Dungeon (1/15)

Altars:
Nemelex Xobeh


Innate Abilities, Weirdness & Mutations

You are tiny and cannot use many weapons and most armour.
You have supernaturally acute eyesight.
You are a herbivore.
You cover ground extremely quickly.
You need consume almost no food.


Message History

Found a dagger.
No target in view!
You see here a dagger.
k - a dagger A worm comes into view.
You completely miss the worm. The worm barely misses you.
You barely miss the worm. The worm bites you but does no damage.
You hit the worm.
The worm is lightly wounded.
You hit the worm.
The worm is lightly wounded.
The worm barely misses you.
You hit the worm.
The worm is lightly wounded.
You hit the worm.
The worm is moderately wounded.
The worm bites you!
Ouch! That really hurt!
You die...
Your body disappears without a glow.

#.#######################
#.# #.................#
#.# #.###############)##
#.####.####### #.##
#............# #..'
#.........##.# #########
#.........##+###>........
#.................#######
#...)...@..........#.## #
#........w............. .
#....................#
#....÷.............#.# ##
#..................#.# ..
#..................#.# ##
##...............).#.# ..
#................##.####
#.........##...÷.)......


You could see a worm.

Vanquished Creatures
  2 giant cockroaches (D:1)
  5 goblins (D:1)
  A hobgoblin (D:1)
  2 bats (D:1)
  A kobold (D:1)
  3 rats (D:1)
14 creatures vanquished.

Vanquished Creatures (collateral kills)
  A goblin (D:1)
  2 hobgoblins (D:1)
  A giant newt (D:1)
  2 rats (D:1)
6 creatures vanquished.

Grand Total: 20 creatures vanquished

Notes
Turn   | Place    | Note
--------------------------------------------------------------
     0 | D:1      | KlotserJr the Spriggan Warper began the quest for the Orb.
     0 | D:1      | Reached XP level 1. HP: 10/10 MP: 5/5
   222 | D:1      | Found a sparkling altar of Nemelex Xobeh.
   226 | D:1      | Became a worshipper of Nemelex Xobeh the Trickster
   238 | D:1      | Received a gift from Nemelex Xobeh
   316 | D:1      | Reached skill level 1 in Stealth
   321 | D:1      | Reached XP level 2. HP: 4/14 MP: 6/6
   532 | D:1      | Drew Focus: Dex increased to 16, Str decreased to 6
  1061 | D:1      | Slain by a worm

Vault maps used:
D:1:      dpeg_arrival_boxorama, nemelex_diamond_rough_becter

Action                   || total
-------------------------++-------
Melee: Short sword       ||    72
Evoke: Deck              ||     4
 Stab: Sleeping          ||     2
